 Dungeon Crawl Stone Soup version 0.31-a0-977-gc230f8ef24 (webtiles) character file.

Game seed: 11920051571269461352

39 Arzdou the Changeling (level 3, -1/32 HPs)
             Began as a Troll Shapeshifter on Oct 29, 2023.
             Splashed by a jelly's acid (10 damage)
             ... on level 2 of the Dungeon.
             The game lasted 00:01:47 (963 turns).

Arzdou the Changeling (Troll Shapeshifter)           Turns: 963, Time: 00:01:51

Health: -1/32      AC:  0    Str: 24    XL:     3   Next: 28%
Magic:  2/2        EV:  9    Int:  6    God:
Gold:   65         SH:  0    Dex:  9    Spells: 2/2 levels left

rFire   . .          .
                       - Unarmed
rCold   . . .        (no shield)
rNeg    . . .        a - +0 animal skin
rPois   .            (helmet currently unavailable)
rElec   .            (cloak currently unavailable)
rCorr   .            (gloves unavailable)
SInv    .            (boots unavailable)
Will    .....        (no amulet)
Stlth   +            (no ring)
HPRegen 1.05/turn    (no ring)
MPRegen 0.08/turn

%: no passive effects
@: beast-form, corroded
A: beast (slay +2), large, unfitting armour, claws 3, regeneration 1, shaggy fur
1, tough skin 1
a: Begin Untransformation


You were on level 2 of the Dungeon.
You were a hulking beast.
You visited 1 branch of the dungeon, and saw 2 of its levels.

You collected 65 gold pieces.

Inventory:

Missiles
 j - 16 stones
Armour
 a - a +0 animal skin (worn)
Jewellery
 e - a +4 ring of protection
 h - a ring of fire
Talismans
 c - a beast talisman
 d - a flux talisman
Scrolls
 f - a scroll of enchant armour {unknown}
 i - a scroll of butterflies {unknown}
 k - a scroll of fear {unknown}
 l - a scroll of revelation {unknown}
Potions
 b - a potion of lignification
 g - a potion of heal wounds {unknown}


   Skills:
 - Level 0.7 Fighting
 - Level 1.5 Dodging
 - Level 3.0 Unarmed Combat
 + Level 4.2 Shapeshifting


You had 2 spell levels left.
You didn't know any spells.
Your spell library was empty.

Dungeon Overview and Level Annotations

Branches:
Dungeon (2/15)

Altars:
Ashenzari
Cheibriados
Makhleb
Nemelex Xobeh
Qazlal
Yredelemnul


Innate Abilities, Weirdness & Mutations

You are a hulking beast.
Your limbs bulge with bestial killing power. (Slay +2)
You are too large for most types of armour.
You have claws for hands.
Your natural rate of healing is unusually fast.
You are covered in fur. (AC +1)
You have tough skin. (AC +1)


Message History

You open the door.
There is an open door here.
A kobold comes into view. It is wielding a +0 short sword.
The kobold shouts!
A kobold is nearby!
The kobold throws a stone.
The stone barely misses you. The kobold hits you but does no damage.
You barely miss the kobold. You barely miss the kobold.
The kobold hits you but does no damage.
You barely miss the kobold. The kobold misses you.
You claw the kobold!
You kill the kobold!
No target in view!
j - 16 stones (gained 5)
You see here a +0 short sword.
As you open the door, it creaks loudly!
An endoplasm comes into view.
Found two bat skeletons, a goblin skeleton and a rat skeleton.
The endoplasm quivers.
You claw the endoplasm!
You kill the endoplasm!
An endoplasm comes into view.
You claw the endoplasm!
You kill the endoplasm! 4 endoplasms and 2 jellies come into view.
Found four items.
Found six altars.
The jelly quivers.
The endoplasm quivers. x2; The jelly quivers.
There is an open door here.
The endoplasm quivers.
The jelly hits you. The acid corrodes you!
You are splashed with acid!
The endoplasm barely misses you.
The endoplasm hits the toadstool.
The toadstool is destroyed!
You scratch the jelly.
Your claws burn!
The jelly is moderately wounded.
The endoplasm hits you. The endoplasm freezes you.
You are frozen.
The jelly hits you.
* * * LOW HITPOINT WARNING * * *
You are splashed with acid!
You die...

########
#÷...÷.##########
#P÷.÷PP'##......#####
#...JJh#.#.......##.#
#.÷__JJ#.#........'.##
#÷....J#)#.......)'..#
#_.._J.#.#'#......'..#
#......#.#.#.....##..#
#.....÷#.#.#....###))#
#".÷÷..##.####### #)##
###################.###
##########.....##...#


You could see 2 jellies and 4 endoplasms.

Vanquished Creatures
  2 dart slugs (D:1)
  A ball python (D:1)
  2 bats (D:1)
  5 endoplasms
  2 giant cockroaches (D:1)
  2 hobgoblins (D:1)
  5 jackals (D:1)
  7 kobolds
  4 frilled lizards (D:1)
30 creatures vanquished.

Notes
Turn   | Place    | Note
-------+----------+-------------------------------------------
     0 | D:1      | Arzdou the Troll Shapeshifter began the quest for the Orb.
     0 | D:1      | Reached XP level 1. HP: 18/18 MP: 0/0
   197 | D:1      | Reached XP level 2. HP: 22/26 MP: 1/1
   500 | D:1      | Reached skill level 4 in Shapeshifting
   610 | D:1      | Reached XP level 3. HP: 32/32 MP: 2/2
   961 | D:2      | Found a snail-covered altar of Cheibriados.
   961 | D:2      | Found a sparkling altar of Nemelex Xobeh.
   961 | D:2      | Found a burning altar of Makhleb.
   961 | D:2      | Found a stormy altar of Qazlal.
   961 | D:2      | Found a basalt altar of Yredelemnul.
   961 | D:2      | Found a broken altar of Ashenzari.
   963 | D:2      | Splashed by a jelly's acid

Illustrated notes

Levels and vault maps discovered:
D:1:      dpeg_arrival_three_bigger_balls, layout_basic
D:2:      cheibrodos_fertilizer, layout_basic, serial_shops, shop,
          shapermc_ecumenical_altar_mp_urbaneastern, uniq_sigmund

Skill      XL: |  1  2 |
---------------+-------+-----
Shapeshifting  | 4 |  4.2
Fighting       | |  0.7
Dodging        | |  1.5
Unarmed Combat | |  3.0

Action                     || total
---------------------------++-------
  Melee: Unarmed           ||    74
         Punch             ||     2
   Stab: Sleeping          ||     1
 Armour: Animal skin       ||    67
  Dodge: Dodged            ||    33

Table legend: (Time is in decaauts)
 A = Elapsed time spent in this place.
 B = Non-inter-level travel time spent in this place.
 C = Inter-level travel time spent in this place.
 D = Time resting spent in this place.
 E = Time spent auto-exploring this place.
 F = Levels seen in this place.
 G = Mean time per level.
                   A        B        C        D        E       F      G
               +--------+--------+--------+--------+--------+-----+--------+
         Total |    959 |    880 |     79 |    103 |    596 |   2 |  479.5 |
       Dungeon |    959 |    880 |     79 |    103 |    596 |   2 |  479.5 |
               +--------+--------+--------+--------+--------+-----+--------+

Top non-repeatable levels by time:
     D:1: 842 daAuts
     D:2: 116 daAuts
